Map: Dusty Gorge

Players

Tsunamisk

  • Race: Zerg Zerg
  • League: Platinum
  • Spawn Location: 11:00

Enigma

  • Race: Terran Terran
  • Spawn Location: 9:00

Adversity - Winner!

  • Race: Terran Terran
  • Spawn Location: 5:00

Darling - Winner!

  • Race: Zerg Zerg
  • League: Master
  • Spawn Location: 3:00

VOD

Have the link to the VOD?

Description

Time

  • Played on: Sept. 4, 2018, 7:13 a.m.
  • Length: 4:36
Show
View Real Time Build Order
Export as new Build Order

Tsunamisk Zerg 

Build Orders: Hatch First 

Get SALT Encoding   

  12  0:01  Drone  
  13  0:13  Overlord  
  13  0:19  Drone  
  14  0:32  Drone x2  
  16  0:36  Drone  
  17  0:56  Hatchery  
  16  0:59  Drone  
  16  1:02  Extractor  
  16  1:05  Drone  
  17  1:20  Spawning Pool  
  16  1:29  Drone x2  
  18  1:35  Drone  
  19  1:52  Overlord  
  19  1:55  Drone  
  20  2:07  Queen  
  22  2:09  Queen  
  24  2:22  Roach Warren  
  22  2:32  Spine Crawler  
  21  3:01  Roach x3  
  21  3:02  Roach x3  
  33  3:17  Drone x3  
  36  3:26  Overlord  
  36  3:39  Ravager  
  33  3:42  Ravager  
  33  3:44  Roach  
  33  3:45  Roach x3  
  35  4:05  Zergling x10  
  37  4:15  Ravager x2  
Show
View Real Time Build Order
Export as new Build Order

Enigma Terran 

Build Orders:  

Get SALT Encoding   

  12  0:01  SCV  
  13  0:13  SCV  
  14  0:18  Supply Depot  
  14  0:25  SCV  
  15  0:30  Refinery  
  15  0:45  Barracks  
  15  0:47  SCV  
  16  0:59  SCV  
  17  1:11  SCV  
  18  1:23  SCV  
  19  1:35  SCV  
  19  1:36  Reaper  
  21  1:44  Command Center  
  21  2:01  Factory  
  21  2:02  Refinery  
  21  2:04  SCV  
  22  2:14  Supply Depot, Barracks Tech Lab  
  22  2:19  SCV  
  22  2:59  SCV x2  
  22  3:04  Siege Tank  
  22  3:05  Marine  
  28  3:14  Barracks  
  28  3:16  SCV  
  29  3:25  Marine  
  30  3:29  Supply Depot  
  29  3:43  Marine  
  25  3:48  Factory Tech Lab  
  23  4:01  Marine  
Show
View Real Time Build Order
Export as new Build Order

Adversity Terran - Winner!

Build Orders:  

Get SALT Encoding   

  12  0:01  SCV  
  13  0:14  SCV  
  14  0:20  Supply Depot  
  14  0:26  SCV  
  15  0:32  Refinery  
  15  0:42  SCV  
  16  0:47  Barracks  
  16  0:54  SCV  
  17  1:03  Barracks  
  17  1:17  Barracks  
  17  1:25  SCV  
  18  1:36  Reaper  
  19  1:45  Orbital Command  
  19  1:49  Refinery  
  19  1:55  Reaper  
  20  2:02  Supply Depot  
  21  2:08  Reaper  
  21  2:15  Reaper  
  22  2:19  SCV  
  23  2:27  Supply Depot  
  23  2:29  Reaper  
  24  2:31  SCV  
  24  2:40  Reaper  
  25  2:47  Reaper  
  25  2:52  SCV  
  26  3:01  Supply Depot, Reaper  
  27  3:09  SCV  
  27  3:12  Reaper  
  29  3:19  Reaper  
  30  3:29  SCV  
  30  3:33  Reaper  
  31  3:44  Reaper  
  32  3:49  SCV  
  32  3:51  Reaper  
  34  3:58  Barracks  
  34  3:59  Barracks  
Show
View Real Time Build Order
Export as new Build Order

Darling Zerg - Winner!

Build Orders: Hatch First 

Get SALT Encoding   

  12  0:01  Drone  
  13  0:13  Overlord  
  13  0:18  Drone  
  14  0:31  Drone  
  14  0:32  Drone  
  16  0:35  Drone  
  17  0:53  Hatchery  
  17  0:56  Drone  
  17  1:00  Drone  
  18  1:06  Extractor  
  17  1:17  Spawning Pool  
  16  1:19  Drone  
  16  1:24  Drone  
  18  1:31  Drone  
  19  1:45  Drone  
  20  2:05  Zergling x4  
  20  2:06  Queen  
  20  2:07  Queen  
  26  2:08  Drone  
  26  2:10  Metabolic Boost  
  26  2:15  Overlord  
  27  2:19  Drone  
  28  2:41  Overlord  
  28  2:42  Zergling x6  
  31  2:56  Zergling x4  
  31  2:57  Zergling x2  
  34  3:06  Zergling x4  
  36  3:18  Zergling x14  
  43  3:23  Overlord  
  42  3:36  Zergling x2  
  42  3:37  Zergling x4  
  41  3:48  Zergling x2  
  40  3:49  Zergling x10  
  40  3:50  Zergling x4  
  46  4:11  Drone  
  46  4:12  Drone x3  
Tags
 
Add a new tag
Caveats
  • Supply blocks, unpowered buildings, or Contaminate may cause inaccurate times.
  • Supply counts are checked every 10 seconds.